 Dungeon Crawl Stone Soup version 0.30-a0-52-g86a8295270 (console) character file.

Game seed: 17531847567985857205

403 capslocke the Sneak (level 6, -1/41 HPs)
             Began as an Octopode Brigand on Sept 7, 2022.
             Was a Priest of Fedhas.
             Slain by a gnoll
             ... wielding a +0 halberd
              (11 damage)
             ... on level 4 of the Dungeon.
             The game lasted 00:16:12 (4637 turns).

capslocke the Sneak (Octopode Brigand)              Turns: 4637, Time: 00:16:12

Health: -1/41      AC:  1    Str: 16    XL:     6   Next: 86%
Magic:  6/6        EV: 13    Int: 14    God:    Fedhas [***...]
Gold:   74         SH:  0    Dex: 13    Spells: 5/5 levels left

rFire   . . .      SeeInvis .    c - +5 mace "Spiderslayer" {flame, Str+4}
rCold   . . .      Faith    +    (no shield)
rNeg    . . .      Spirit   .    (helmet restricted)
rPois   .          Reflect  .    i - amulet of faith
rElec   .          Harm     .    (no ring)
rCorr   .          Rampage  .    (no ring)
Will    .....                    (no ring)
Stlth   ++++......               (no ring)
HPRegen 0.13/turn                (no ring)
MPRegen 0.10/turn                (no ring)
                                 (no ring)
                                 (no ring)

@: no status effects
A: almost no armour, amphibious, 8 rings, camouflage 1, gelatinous body 1,
(nimble swimmer 1), tentacles
a: Renounce Religion, Wall of Briars, Grow Ballistomycete


You were on level 4 of the Dungeon.
You worshipped Fedhas.
Fedhas was most pleased with you.
You visited 1 branch of the dungeon, and saw 4 of its levels.

You collected 74 gold pieces.

Inventory:

Hand Weapons
 a - a +2 dagger
 c - the +5 mace "Spiderslayer" (weapon) {flame, Str+4}
   (You took it off a hobgoblin on level 3 of the Dungeon)

   It burns those it strikes, dealing additional fire damage.
   Str:       It affects your strength (+4).
 l - a +0 falchion
Missiles
 b - a throwing net
 t - 5 javelins
 u - 4 poisoned darts (quivered)
 w - 2 curare-tipped darts
Armour
 f - a +0 helmet
Jewellery
 i - an amulet of faith (around mantle)
Wands
 s - a wand of flame (11)
Scrolls
 d - 3 scrolls of identify {unknown}
 h - a scroll of poison {unknown}
 o - a scroll of torment {unknown}
 p - a scroll of enchant armour {unknown}
 r - a scroll of teleportation {unknown}
 x - a scroll of amnesia {unknown}
Potions
 e - 2 potions of brilliance {unknown}
 g - 3 potions of degeneration {unknown}
 j - 2 potions of curing {unknown}
 k - 2 potions of heal wounds {unknown}
 m - a potion of cancellation {unknown}
 n - a potion of berserk rage {unknown}
 q - a potion of haste {unknown}
 v - a potion of flight {unknown}
 z - a potion of attraction {unknown}
 A - a potion of mutation {unknown}


   Skills:
 + Level 2.7 Fighting
 - Level 2.2(2.5) Short Blades
 - Level 1.6(2.2) Long Blades
 + Level 0.9 Maces & Flails
 + Level 4.8 Throwing
 + Level 2.1 Dodging
 + Level 7.1 Stealth
 + Level 0.2 Invocations
 + Level 0.1 Evocations


You had 5 spell levels left.
You didn't know any spells.
Your spell library contained the following spells:

 Spells                   Type           Power      Damage    Failure   Level
 Leda's Liquefaction      Hex/Erth       0%         N/A       96%         4
 Lee's Rapid Deconstruct  Erth           0%         3d5*      100%        5
 Statue Form              Tmut/Erth      0%         N/A       100%        6


Dungeon Overview and Level Annotations

Branches:
Dungeon (4/15)
 Temple: D:4-7

Altars:
Fedhas
Nemelex Xobeh
Xom
Zin


Innate Abilities, Weirdness & Mutations

You cannot wear most types of armour.
You are amphibious.
You can wear up to eight rings at the same time.
Your skin changes colour to match your surroundings (Stealth+).
Your rubbery body absorbs attacks. (AC +1, EV +1)
((You are camouflaged when in or above water. (Stealth+)))
You have tentacles for arms and can constrict up to eight enemies at once.


Message History

The gnoll is moderately wounded.
The gnoll misses you. The gnoll closely misses you.
Throw: 8 darts (poison)
Press: ? - help, Q - select action, (/) - cycle Shift-Dir - straight line, f/p - gnoll
Aim: a gnoll, wielding a +0 spear (heavily wounded, extremely poisoned, 64% to hit)
You throw a poisoned dart. The poisoned dart hits the gnoll.
The gnoll looks as sick as possible!
The gnoll is heavily wounded.
The gnoll misses you. The gnoll closely misses you.
Throw: 7 darts (poison)
Press: ? - help, Q - select action, (/) - cycle Shift-Dir - straight line, f - gnoll, p - gnoll
Aim: a gnoll, wielding a +0 whip (64% to hit)
You throw a poisoned dart. The poisoned dart hits the gnoll!
The gnoll looks even sicker.
The gnoll barely misses you. The gnoll misses you.
Throw: 6 darts (poison)
Press: ? - help, Q - select action, (/) - cycle Shift-Dir - straight line, f/p - gnoll
Aim: a gnoll, wielding a +0 whip (64% to hit)
You throw a poisoned dart. The poisoned dart hits the gnoll.
The gnoll is poisoned.
Unknown command.
Throw: 5 darts (poison)
Press: ? - help, Q - select action, (/) - cycle Shift-Dir - straight line, f/p - gnoll
Aim: a gnoll, wielding a +0 whip (poisoned, 64% to hit)
You throw a poisoned dart.
The poisoned dart closely misses the gnoll.
You kill the gnoll!
Fedhas appreciates your contribution to the ecosystem.
The gnoll hits you from afar with a +0 halberd!
You closely miss the gnoll. You grab the gnoll.
You squeeze the gnoll, but do no damage.
You constrict the gnoll. The gnoll hits you with a +0 whip!
* * * LOW HITPOINT WARNING * * *
The gnoll completely misses you.
You thump the gnoll! You burn the gnoll. You squeeze the gnoll.
You kill the gnoll!
Fedhas appreciates your contribution to the ecosystem.
The gnoll hits you from afar with a +0 halberd!
You die...
Fedhas appreciates your contribution to the ecosystem.

#.......# #.# #...
#.......# #.# #...
#......)#####.# #..o
#.......#...#.# ..oo
#.......#...#.#
#.......#...#.#
#.......#...#.######
#....)..'...........
#..@)g..#>..#.#.....
#....(..#...+.......
######+##...#.#.g...
#^..#.#.....
.##.#.#..... ..
....#.#### ..$
.####.# .# .#


You could see a gnoll (very poisoned).

Vanquished Creatures
  A phantom (D:3)
  An orc priest (D:3)
  Natasha (thrice) (D:3)
  Terence (D:3)
  7 gnolls
  3 adders
  2 worms (D:2)
  2 dart slugs
  8 orcs (D:3)
  8 ball pythons
  3 endoplasms (D:3)
  4 giant cockroaches
  3 goblins
  4 hobgoblins
  3 kobolds
  2 quokkas (D:3)
  8 bats
  7 frilled lizards
  6 rats
76 creatures vanquished.

Vanquished Creatures (collateral kills)
  An orc wizard (D:3)
  A gnoll (D:3)
2 creatures vanquished.

Vanquished Creatures (others)
  13 plants (D:2)
13 creatures vanquished.

Grand Total: 91 creatures vanquished

Notes
Turn   | Place    | Note
-------+----------+-------------------------------------------
     0 | D:1      | capslocke the Octopode Brigand began the quest for the Orb.
     0 | D:1      | Reached XP level 1. HP: 14/14 MP: 1/1
   356 | D:1      | Reached XP level 2. HP: 19/19 MP: 2/2
   879 | D:1      | Reached skill level 6 in Stealth
  1338 | D:2      | Reached XP level 3. HP: 24/24 MP: 3/3
  1853 | D:2      | Found a faded altar of an unknown god.
  1864 | D:2      | Prayed at the altar of an unknown god.
  1864 | D:2      | Became a worshipper of Fedhas Madash
  1864 | D:2      | Reached * piety under Fedhas
  1905 | D:2      | Reached skill level 1 in Long Blades
  1953 | D:2      | Identified the +0 ring mail of Youthful Indiscretion {Will+
                  | rCorr Str+7 Stlth-}
  2391 | D:2      | Reached XP level 4. HP: 29/29 MP: 4/4
  2432 | D:3      | Noticed Natasha
  2441 | D:3      | Killed Natasha
  2452 | D:3      | Found a shimmering altar of Xom.
  2740 | D:3      | Identified the +6 scale mail of Least Resistance {rC++
                  | Str+2 Dex-2}
  2800 | D:3      | Reached ** piety under Fedhas
  2811 | D:3      | Reached XP level 5. HP: 22/34 MP: 1/5
  2984 | D:3      | Identified the +5 mace "Spiderslayer" {flame, Str+4}
  3150 | D:3      | Noticed Natasha
  3158 | D:3      | Killed Natasha
  3164 | D:3      | Noticed a phantom
  3449 | D:3      | Noticed Natasha
  3452 | D:3      | Killed Natasha
  3648 | D:3      | Reached XP level 6. HP: 41/41 MP: 6/6
  3694 | D:3      | Reached skill level 7 in Stealth
  3907 | D:3      | Noticed Terence
  3909 | D:3      | Killed Terence
  3969 | D:3      | Found a sparkling altar of Nemelex Xobeh.
  4164 | D:3      | Reached *** piety under Fedhas
  4369 | D:3      | Found a glowing silver altar of Zin.
  4637 | D:4      | Slain by a gnoll

Illustrated notes

Levels and vault maps discovered:
D:1:      dpeg_arrival_boxes_within_box, layout_basic,
          hangedman_decor_clover_reticule
D:2:      layout_loops_corners, dilly_ecumenical_altar_fadedgnrine,
          grunt_ministairs_1
D:3:      layout_rooms, zin_statuary, nicolae_overflow_crystal_walls,
          nemelex_spade_bored_becter, solitary_fountain, uniq_terence,
          uniq_natasha
D:4:      layout_basic, vehumet_statue

Skill      XL: |  1  2  3  4  5  6 |
---------------+-------------------+-----
Stealth        | 6 7 |  7.1
Long Blades    | 1 |  1.6
Throwing       | 3 4 |  4.8
Dodging        | 2 |  2.1
Fighting       | |  2.7
Short Blades   | |  2.2
Maces & Flails | |  0.9
Invocations    | |  0.2
Evocations     | |  0.1

Action                   |  1- 3 |  4- 6 || total
-------------------------+-------+-------++-------
Melee: Dagger            |    16 |       ||    16
       Constrict         |    15 |    14 ||    29
       Falchion          |    32 |    17 ||    49
       Tentacles         |     2 |     9 ||    11
       Mace              |       |    33 ||    33
Throw: Dart              |    29 |    48 ||    77
       Javelin           |       |    17 ||    17
       Throwing net      |       |     1 ||     1
Invok: Wall of Briars    |       |     1 ||     1
Evoke: Wand              |       |     3 ||     3
 Stab: Sleeping          |     8 |     5 ||    13
Armor: Skin              |     3 |     2 ||     5
Dodge: Dodged            |    23 |    53 ||    76

Table legend: (Time is in decaauts)
 A = Elapsed time spent in this place.
 B = Non-inter-level travel time spent in this place.
 C = Inter-level travel time spent in this place.
 D = Time resting spent in this place.
 E = Time spent auto-exploring this place.
 F = Levels seen in this place.
 G = Mean time per level.
                   A        B        C        D        E       F      G
               +--------+--------+--------+--------+--------+-----+--------+
         Total |   4652 |   4599 |     53 |   1804 |   2094 |   4 | 1163.0 |
       Dungeon |   4652 |   4599 |     53 |   1804 |   2094 |   4 | 1163.0 |
               +--------+--------+--------+--------+--------+-----+--------+

Top non-repeatable levels by time:
     D:3: 1834 daAuts
     D:2: 1719 daAuts
     D:1: 950 daAuts
     D:4: 147 daAuts
